 Dungeon Crawl Stone Soup version 0.18-a0-1426-g3b9a63c (webtiles) character file.

1645 M4edhros the Insei (level 8, -4/52 HPs)
             Began as an Octopode Artificer on Feb 27, 2016.
             Slain by an ice beast (16 damage)
             ... on level 11 of the Dungeon on Feb 28, 2016.
             The game lasted 00:11:55 (4948 turns).

M4edhros the Insei (Octopode Artificer)             Turns: 4948, Time: 00:11:55

Health: -4/52      AC:  1    Str: 10    XL:     8   Next: 99%
Magic:  13/13      EV: 12    Int: 17    God:
Gold:   202        SH:  0    Dex: 10    Spells: 1 memorised, 10 levels left

rFire  + . .     SeeInvis .       - Unarmed
rCold  x . .     Gourm    .     (no shield)
rNeg   . . .     Faith    .     (helmet restricted)
rPois  .         Spirit   .     (no amulet)
rElec  .         Dismiss  .     q - ring of fire
rCorr  .         Reflect  .     x - ring of protection from magic
SustAt .         Harm     .     (no ring)
MR     +....                    (no ring)
Stlth  +++.......               (no ring)
                                (no ring)
                                (no ring)
                                (no ring)

@: somewhat resistant to hostile enchantments, fairly stealthy
A: almost no armour, amphibious, 8 rings, constrict 8, camouflage 1, clumsy 1,
robust 1, gelatinous body 1
a: no special abilities


You were on level 11 of the Dungeon.
You were near starving.

You visited 1 branch of the dungeon, and saw 10 of its levels.

You collected 235 gold pieces.
You spent 33 gold pieces at shops.

Inventory:

Missiles
 u - 25 sling bullets
Jewellery
 q - a ring of fire (left tentacle)
 x - a ring of protection from magic (right tentacle)
Wands
 b - a wand of flame (7/48)
 c - a wand of enslavement (9/24)
 d - a wand of random effects (0/48)
 v - a wand of flame (14/48)
 w - a wand of random effects (31/48)
 C - a wand of confusion (22/48)
Scrolls
 a - 4 scrolls of amnesia
 e - 2 scrolls of remove curse
 g - 2 scrolls of teleportation
 i - 3 scrolls of identify
 j - a scroll of enchant armour
 o - 2 scrolls of noise
 t - a scroll of immolation
 y - a scroll of recharging {unknown}
Potions
 h - a potion of magic
 l - a potion of flight
 p - a potion of heal wounds
Books
 n - a book of Callings

   Spells                             Type                      Level
   a - Summon Small Mammal            Summoning                    1
   b - Call Imp                       Summoning                    2
   c - Call Canine Familiar           Summoning                    3
   d - Summon Guardian Golem          Hexes/Summoning              3
   e - Summon Lightning Spire         Summoning/Air                4
   f - Summon Ice Beast               Ice/Summoning                4
Comestibles
 f - 4 bread rations
 k - 2 beef jerkies
 m - 7 meat rations
 r - a slice of pizza
 z - 5 fruits


   Skills:
 - Level 1.0 Fighting
   Level 1.0 Short Blades
 - Level 2.0 Dodging
 - Level 1.3 Stealth
 + Level 7.7 Unarmed Combat
 + Level 3.8 Spellcasting
 + Level 4.3 Summonings
 + Level 4.2 Air Magic
 - Level 3.2 Evocations


You had 10 spell levels left.
You knew the following spells:

 Your Spells              Type           Power        Failure   Level  Hunger
a - Summon Lightning Spi  Summ/Air       ###.....     30%         4    ####...


Dungeon Overview and Level Annotations

Branches:
Dungeon (11/15)              Lair (0/8) D:8
 Temple: D:4-7          Orc: D:9-12

Altars:
Ashenzari
Fedhas
Yredelemnul

Shops:
D:6 ?%

Annotations:
D:4 Liam's ghost, amateur DEWz
D:5 exclusion: oklob plant


Innate Abilities, Weirdness & Mutations

You cannot wear most types of armour.
You are amphibious.
You can wear up to eight rings at the same time.
You can use your tentacles to constrict eight enemies at once.
Your skin changes colour to match your surroundings (Stealth).
Your rubbery body absorbs attacks (AC +1).
You are clumsy. (Dex -2)
You are robust (+10% HP).


Message History

Found 16 arrows of flame.
There is an open door here.
As you close the door, it creaks loudly!
You swing at nothing.
You swing at nothing.
You closely miss the ice beast. You squeeze the ice beast.
The ice beast is lightly wounded.
The ice beast barely misses you.
You tentacle-slap the ice beast.
The ice beast is moderately wounded.
The ice beast hits you. The ice beast freezes you!
You feel a terrible chill!
You barely miss the ice beast.
The ice beast is moderately wounded.
The ice beast hits you. The ice beast freezes you!!
You feel a terrible chill!
You closely miss the ice beast.
The ice beast is moderately wounded.
The ice beast hits you.
* * * LOW HITPOINT WARNING * * *
The ice beast freezes you!
You feel a terrible chill!
You die...

####......###'##+###..Y..
#.....................
#.....................
#.....................
#.....................
#.....................
#.....................
####.....########+#######
.........#......@Y.......
.........#...............
.........#...............
........##.....(^........
........#................
........##...............
.........#......####+##..
.....#####...... .....#


You could see an ice beast.

Vanquished Creatures
  A two-headed ogre (D:7)
  A wyvern (D:8)
  Menkaure (D:5)
  A mottled dragon (D:11)
  A black bear (D:6)
  An ogre (D:5)
  A big kobold (D:7)
  2 giant frogs
  2 crimson imps
  2 jellies
  2 hounds (D:5)
  An orc priest (D:6)
  2 gnoll shamans
  4 iguanas
  An orc wizard (D:7)
  4 worker ants
  4 gnolls (D:8)
  3 adders
  A shadow imp (D:7)
  An adder skeleton (D:4)
  A dart slug (D:2)
  3 giant geckos
  9 orcs
  6 bats
  3 giant cockroaches
  5 goblins
  3 hobgoblins
  2 quokkas
  2 giant newts
  A jackal skeleton (D:6)
  9 kobolds
  A quokka skeleton (D:7)
  A quokka zombie (D:5)
  5 rats
87 creatures vanquished.

Vanquished Creatures (collateral kills)
  An ogre (D:5)
  A big kobold (D:11)
  4 kobolds (D:11)
6 creatures vanquished.

Vanquished Creatures (others)
  A scorpion (D:5)
  An orc wizard (D:6)
2 creatures vanquished.

Grand Total: 95 creatures vanquished

Notes
Turn   | Place    | Note
--------------------------------------------------------------
     0 | D:1      | M4edhros the Octopode Artificer began the quest for the Orb.
     0 | D:1      | Reached XP level 1. HP: 13/13 MP: 3/3
    23 | D:1      | Found a shattered altar of Ashenzari.
    32 | D:1      | Reached skill level 1 in Unarmed Combat
   195 | D:1      | Reached XP level 2. HP: 18/18 MP: 4/4
   464 | D:1      | Reached skill level 2 in Unarmed Combat
   626 | D:2      | Reached XP level 3. HP: 11/23 MP: 5/5
   851 | D:2      | Found a basalt altar of Yredelemnul.
  1056 | D:3      | Reached skill level 3 in Unarmed Combat
  1173 | D:4      | Noticed Liam's ghost (amateur DEWz)
  1322 | D:4      | Reached XP level 4. HP: 25/28 MP: 6/6
  1345 | D:5      | Entered Level 5 of the Dungeon
  1345 | D:5      | Noticed an ogre
  1353 | D:5      | Killed an ogre
  1353 | D:5      | Reached skill level 4 in Unarmed Combat
  1353 | D:5      | Reached XP level 5. HP: 31/33 MP: 7/7
  1356 | D:5      | Noticed an ogre
  1372 | D:5      | Killed an ogre
  1372 | D:5      | Reached skill level 5 in Unarmed Combat
  1417 | D:5      | Reached XP level 6. HP: 23/38 MP: 8/8
  1724 | D:5      | Reached skill level 6 in Unarmed Combat
  1733 | D:5      | Learned a level 4 spell: Summon Lightning Spire
  1783 | D:5      | Found a blossoming altar of Fedhas.
  1793 | D:5      | Noticed an oklob plant
  2068 | D:5      | Reached skill level 1 in Summonings
  2068 | D:5      | Reached skill level 1 in Air Magic
  2116 | D:5      | Noticed Menkaure
  2401 | D:5      | Reached skill level 1 in Spellcasting
  2439 | D:5      | Reached XP level 7. HP: 31/43 MP: 9/9
  2488 | D:5      | Killed Menkaure
  2670 | D:6      | Found Ustrogg's Food Emporium.
  3140 | D:6      | Found Hima's Magic Scroll Emporium.
  3143 | D:6      | Bought a scroll of teleportation for 33 gold pieces
  3848 | D:6      | HP: 2/43 [orc warrior/trident (12)]
  3850 | D:6      | Gained mutation: You are robust (+10% HP). [potion of mutation]
  3850 | D:6      | Gained mutation: You are clumsy. (Dex -2) [potion of mutation]
  3920 | D:7      | Noticed a two-headed ogre
  3929 | D:7      | Killed a two-headed ogre
  3929 | D:7      | Reached skill level 7 in Unarmed Combat
  3929 | D:7      | Reached XP level 8. HP: 15/52 MP: 10/12
  4431 | D:7      | You fall through a shaft!
  4437 | D:8      | Noticed a wyvern
  4439 | D:8      | Found a staircase to the Lair.
  4451 | D:8      | Killed a wyvern
  4528 | D:8      | You fall through a shaft for 3 floors!
  4579 | D:10     | Entered Level 10 of the Dungeon
  4931 | D:11     | Noticed a yak
  4932 | D:11     | Noticed a yak
  4948 | D:11     | Slain by an ice beast

Vault maps used:
D:1:      mrwooster_arrival_arrow, evilmike_ruin_ashenzari
D:2:      kennysheep_ying_yang
D:3:      lightli_temple_of_fire, nicolae_tso_carved_into_rock,
          gammafunk_temple_overflow_statue, uniq_sigmund, uniq_iyjb
D:4:      first_bread
D:5:      tgw_fedhas, uniq_menkaure
D:6:      minmay_temple_entry_nine_rooms, serial_shops, kennysheep_mini,
          nicolae_shop_window_shopping
D:7:      nemelex_xobeh_ov_fountains_minmay, grunt_ogre_cave
D:8:      led_sif_pool, due_lair_maze_entry_diamond, uniq_psyche
D:10:     uniq_sonja
D:11:     kennysheep_windowed_goal

Skill      XL: |  1  2  3  4  5  6  7  8 |
---------------+-------------------------+-----
Unarmed Combat | 1 2 3 4 5 6 7 |  7.7
Summonings     | 1 3 4 |  4.3
Air Magic      | 1 3 4 |  4.2
Spellcasting   | 1 2 3 |  3.8
Fighting       | |  1.0
Short Blades   | |  1.0
Dodging        | |  2.0
Stealth        | |  1.3
Evocations     | |  3.2

Action                   |  1- 3 |  4- 6 |  7- 9 || total
-------------------------+-------+-------+-------++-------
Melee: Unarmed           |    76 |    53 |   107 ||   236
Evoke: Wand              |     1 |    12 |    19 ||    32
  Use: Scroll            |       |     6 |     2 ||     8
       Potion            |       |     1 |    13 ||    14
 Stab: Sleeping          |     6 |     3 |     2 ||    11
       Paralysed         |     8 |       |       ||     8
       Invisible         |       |       |     6 ||     6
  Eat: Chunk             |     1 |     3 |     7 ||    11
